 Dungeon Crawl Stone Soup version 0.30.0-30-g96aa6591b8 (webtiles) character file.

Game seed: 16560186870607107657

161 cdecastro the Trooper (level 5, 0/48 HPs)
             Began as a Minotaur Hunter on June 28, 2023.
             Was an Initiate of Qazlal.
             Slain by a gnoll
             ... wielding a +0 whip
             ... led by a gnoll bouda
              (6 damage)
             ... on level 4 of the Dungeon.
             The game lasted 00:05:04 (2422 turns).

cdecastro the Trooper (Minotaur Hunter)             Turns: 2422, Time: 00:05:04

Health: 0/48       AC:  7    Str: 18    XL:     5   Next: 18%
Magic:  4/4        EV: 12    Int:  6    God:    Qazlal [......]
Gold:   221        SH:  0    Dex: 16    Spells: 4/4 levels left

rFire   + . .        a - +0 shortbow
rCold   . . .        (shield currently unavailable)
rNeg    . . .        u - +1 leather armour {rF+}
rPois   .            (helmet restricted)
rElec   .            r - +2 cloak "Dukkemom" {+Inv Str+3 SInv}
rCorr   .            (no gloves)
SInv    +            (no boots)
Will    .....        (no amulet)
Stlth   +            (no ring)
HPRegen 0.28/turn    (no ring)
MPRegen 0.09/turn

%: no passive effects
@: weakened
A: horns 2, retaliatory headbutt
a: Renounce Religion, Evoke Invisibility


You were on level 4 of the Dungeon.
You worshipped Qazlal.
Qazlal was noncommittal.
You visited 1 branch of the dungeon, and saw 4 of its levels.

You collected 221 gold pieces.

Inventory:

Hand Weapons
 a - a +0 shortbow (weapon)
 m - a +2 dagger of electrocution
Missiles
 n - 5 curare-tipped darts
 w - 3 poisoned darts
Armour
 c - a +0 leather armour
 o - a +0 ring mail
 r - the +2 cloak "Dukkemom" (worn) {+Inv Str+3 SInv}
   (You found it on level 2 of the Dungeon)

   Str:       It affects your strength (+3).
   SInv:      It lets you see invisible.
   +Inv:      It lets you turn invisible.
 s - a +0 scale mail
 u - a +1 leather armour of fire resistance (worn)
 y - a +1 pair of gloves of infusion
Jewellery
 g - an amulet of faith
 A - a +5 ring of evasion
Scrolls
 b - a scroll of immolation
 d - 2 scrolls of magic mapping {unknown}
 h - 2 scrolls of blinking {unknown}
 k - 3 scrolls of noise {unknown}
 l - 3 scrolls of teleportation {unknown}
 q - 4 scrolls of identify {unknown}
 t - 2 scrolls of fear {unknown}
 z - a scroll of enchant weapon {unknown}
 B - a scroll of brand weapon {unknown}
Potions
 e - a potion of haste {unknown}
 f - a potion of invisibility {unknown}
 i - 2 potions of brilliance {unknown}
 j - 2 potions of heal wounds {unknown}
 p - 2 potions of cancellation {unknown}
 v - a potion of mutation {unknown}
 x - a potion of attraction {unknown}


   Skills:
 * Level 5.5 Fighting
 + Level 5.4 Ranged Weapons
 - Level 2.1 Dodging
 - Level 0.7 Stealth


You had 4 spell levels left.
You didn't know any spells.
Your spell library contained the following spells:

 Spells                   Type           Power      Damage    Failure   Level
 Blink                    Tloc           0%         N/A       65%         2
 Lesser Beckoning         Tloc           0%         N/A       65%         2
 Momentum Strike          Conj/Tloc      0%         3d8       65%         2
 Static Discharge         Conj/Air       0%         2-2/arc   65%         2
 Airstrike                Air            0%         2d(0-16)  99%         4
 Summon Lightning Spire   Summ/Air       0%         N/A       99%         4


Dungeon Overview and Level Annotations

Branches:
Dungeon (4/15)
 Temple: D:4-7

Altars:
Cheibriados
Qazlal
Yredelemnul

Annotations:
D:3 1 runed translucent door, Pepete's ghost, amateur FoFi
D:4 Blork the orc


Innate Abilities, Weirdness & Mutations

You have a pair of horns on your head.
You reflexively headbutt those who attack you in melee.


Message History

The gnoll bouda shouts!
The gnoll shouts!
The gnoll barely misses you.
The gnoll bouda barks out a call to the hunt!
The gnolls pick up the pace!
The gnoll hits you with a +0 spear.
* * * LOW HITPOINT WARNING * * *
The gnoll bouda gazes fiercely through you!
You feel your attacks grow feeble. The gnoll misses you.
The gnoll hits you with a +0 whip.
* * * LOW HITPOINT WARNING * * *
The gnoll attacks as you move away! The gnoll misses you.
Blork the orc attacks as you move away! Blork the orc misses you.
The gnoll attacks as you move away! The gnoll closely misses you.
The gnoll misses you. The gnoll hits you but does no damage.
The gnoll bouda gazes fiercely through you!
You feel as though you will be weak longer.
The gnoll barely misses you. You furiously retaliate!
You headbutt the gnoll. Blork the orc hits you with a +0 mace.
* * * LOW HITPOINT WARNING * * *
The iguana hisses menacingly.
The gnoll bouda calls upon its god to heal the gnoll.
The gnoll's wounds heal themselves!
The gnoll hits you from afar with a +0 spear.
* * * LOW HITPOINT WARNING * * *
The gnoll hits you with a +0 whip.
* * * LOW HITPOINT WARNING * * *
Okay, then.
Unknown command.
The gnoll attacks as you move away! The gnoll barely misses you.
You furiously retaliate!
You headbutt the gnoll!
You kill the gnoll!
Qazlal accepts your kill. Blork the orc closely misses you.
You furiously retaliate!
You headbutt Blork the orc! Blork the orc attacks as you move away!
Blork the orc barely misses you.
The gnoll bouda attacks as you move away!
The gnoll bouda closely misses you. The gnoll attacks as you move away!
The gnoll hits you with a +0 whip.
You die...

##..##..# ##.........
.....#..###..........#
.....#.)#............##
.....#..#.........##..#
......................#
......................#
#.....................#
..............Bo.....#
.........g.....g@.<..#
..............gg...#.#
...........l..........#
..)...................#
.......###........##.##
.......# #.......## ..#
......## #......## ...#
..#..## #......# ...#
..#### ........ ...


You could see Blork the orc (fast), a gnoll bouda, an iguana, 2 gnolls, a giant
cockroach and a goblin.

Vanquished Creatures
  4 adders
  6 gnolls
  3 worms
  2 dart slugs (D:2)
  5 ball pythons
  6 bats
  4 endoplasms
  2 giant cockroaches
  6 goblins
  3 hobgoblins
  6 kobolds
  3 quokkas
  2 frilled lizards (D:1)
  A rat (D:3)
53 creatures vanquished.

Notes
Turn   | Place    | Note
-------+----------+-------------------------------------------
     0 | D:1      | cdecastro the Minotaur Hunter began the quest for the Orb.
     0 | D:1      | Reached XP level 1. HP: 18/18 MP: 0/0
   104 | D:1      | Reached XP level 2. HP: 26/26 MP: 1/1
   786 | D:2      | Reached XP level 3. HP: 33/33 MP: 2/2
   937 | D:2      | Identified the +2 cloak "Dukkemom" {+Inv Str+3 SInv}
  1276 | D:2      | Reached skill level 5 in Ranged Weapons
  1517 | D:3      | Reached XP level 4. HP: 41/41 MP: 3/3
  1561 | D:3      | Reached skill level 5 in Fighting
  1698 | D:3      | Found a stormy altar of Qazlal.
  1710 | D:3      | Found a snail-covered altar of Cheibriados.
  1795 | D:3      | Found a runed translucent door.
  1798 | D:3      | Noticed Pepete's ghost (amateur FoFi)
  1806 | D:3      | Found a basalt altar of Yredelemnul.
  2312 | D:3      | Became a worshipper of Qazlal Stormbringer
  2388 | D:4      | Reached XP level 5. HP: 48/48 MP: 4/4
  2400 | D:4      | Noticed Blork the orc
  2422 | D:4      | Slain by a gnoll

Illustrated notes

Levels and vault maps discovered:
D:1:      ebering_trefoil_3fold, layout_loops_ring
D:2:      layout_loops_ring
D:3:      layout_loops_ring, amethyst_overflow_temple_binary,
          mainiacjoe_overflow_concentric_impassable, ebering_ghost_sewer_d
D:4:      minmay_spotlight, layout_cave_pools, lemuel_round_altar,
          uniq_blork_the_orc

Skill      XL: |  1  2  3  4 |
---------------+-------------+-----
Fighting       | 3 4 5 |  5.5
Ranged Weapons | 5 |  5.4
Dodging        | |  2.1
Stealth        | |  0.7

Action                     |  1- 3 |  4- 6 || total
---------------------------+-------+-------++-------
   Fire: Shortbow          |    90 |    40 ||   130
 Armour: Ring mail         |    16 |       ||    16
         Leather armour    |       |     7 ||     7
  Dodge: Dodged            |    15 |    25 ||    40
